 Dungeon Crawl Stone Soup version 0.22-a0-514-g96ba041d05 (webtiles) character file.

20 M4edhros the Grave Robber (level 2, 0/17 HPs)
             Began as an Octopode Necromancer on June 19, 2018.
             Slain by a goblin
             ... wielding a +0 dagger
              (2 damage)
             ... on level 1 of the Dungeon.
             The game lasted 00:02:26 (411 turns).

M4edhros the Grave Robber (Octopode Necromancer)     Turns: 411, Time: 00:02:27

Health: 0/17       AC:  1    Str:  7    XL:     2   Next: 79%
Magic:  5/5        EV: 13    Int: 17    God:
Gold:   50         SH:  0    Dex: 12    Spells: 3/5 levels left

rFire    . . .     SeeInvis .     - Unarmed
rCold    . . .     Gourm    .   (no shield)
rNeg     . . .     Faith    +   (helmet restricted)
rPois    .         Spirit   .   f - amulet of faith
rElec    .         Reflect  .   (no ring)
rCorr    .         Harm     .   (no ring)
MR       .....                  (no ring)
Stlth    +++.......             (no ring)
HPRegen  0.05/turn              (no ring)
MPRegen  0.09/turn              (no ring)
                                (no ring)
                                (no ring)

@: no status effects
A: almost no armour, stealthy swim, amphibious, 8 rings, constrict 8, camouflage
1, gelatinous body 1
a: no special abilities


You were on level 1 of the Dungeon.
You were not hungry.

You visited 1 branch of the dungeon, and saw 1 of its levels.

You collected 50 gold pieces.

Inventory:

Missiles
 c - 39 stones (quivered)
 h - 3 poisoned javelins
Jewellery
 e - an uncursed ring of wizardry {unknown}
 f - an amulet of faith (around mantle)
Scrolls
 a - 4 scrolls of remove curse {unknown}
Comestibles
 b - 3 rations
 d - 5 chunks of flesh


   Skills:
 - Level 2.0 Dodging
 - Level 2.6 Stealth
 + Level 2.3 Unarmed Combat
 - Level 2.0 Spellcasting
 - Level 4.0 Necromancy


You had 3 spell levels left.
You knew the following spells:

 Your Spells              Type           Power        Failure   Level  Hunger
a - Pain                  Necr           ###.         3%          1    #......
b - Animate Skeleton      Necr           N/A          3%          1    #......

Your spell library contained the following spells:

 Spells                   Type           Power        Failure   Level  Hunger
 Animate Dead             Necr           N/A          36%         4    #####..
 Vampiric Draining        Necr           ###.......   11%         3    ###....
 Regeneration             Chrm/Necr      #.........   26%         3    ###....


Dungeon Overview and Level Annotations

Branches:
Dungeon (1/15)

Altars:


Innate Abilities, Weirdness & Mutations

You cannot wear most types of armour.
You are very stealthy in the water. (Stealth+)
You are amphibious.
You can wear up to eight rings at the same time.
You can use your tentacles to constrict eight enemies at once.
Your skin changes colour to match your surroundings (Stealth+).
Your rubbery body absorbs attacks. (AC +1, EV +1)


Message History

Your hobgoblin skeleton closely misses the hobgoblin.
You see here a chunk of flesh.
Your goblin skeleton barely misses the hobgoblin.
Your goblin skeleton hits the hobgoblin with a dagger.
You barely miss the hobgoblin. Your grab misses the hobgoblin.
The hobgoblin is lightly wounded.
The hobgoblin hits you.
* * * LOW HITPOINT WARNING * * *
There is a dry fountain here.
It was a potion of magic.
Magic courses through your body. The goblin misses you. The hobgoblin hits you.
* * * LOW HITPOINT WARNING * * *
The hobgoblin closely misses you.
Press: ? - help, v - describe, . - travel
Here: a goblin, wielding a dagger The floor.
The hobgoblin hits you.
* * * LOW HITPOINT WARNING * * *
The goblin hits you with a dagger.
You die...

..#######.....#######....g#####.#
.....ZZ...................# #.#
##########.......#..#.....# #.#
#............#.#...# #g#
#.#............#########.#
########.###########.....(†..##.#
..................##......##.##.#
.......(⌠..........#......##.##.#
....⌠.......⌠...@..#......##Z##.#
............ZZ.gg.##.#######.##.#
..⌠...⌠...⌠...⌠..##..# #.##.#
#...............##..## #)##.#
##.⌠....⌠....⌠.##..## #)##.#
.##...........##.)## #.##.#
.###..⌠...⌠..##..## #....#
...##.......##Z.## ######
#.####..<..##..##


You could see a hobgoblin, a goblin, a friendly goblin skeleton and a friendly
hobgoblin skeleton.

Vanquished Creatures
  3 giant cockroaches (D:1)
  5 hobgoblins (D:1)
  3 bats (D:1)
  2 goblins (D:1)
  A kobold (D:1)
  2 rats (D:1)
16 creatures vanquished.

Vanquished Creatures (collateral kills)
  A bat (D:1)
  A goblin (D:1)
  2 hobgoblins (D:1)
4 creatures vanquished.

Grand Total: 20 creatures vanquished

Notes
Turn   | Place    | Note
-------+----------+-------------------------------------------
     0 | D:1      | M4edhros the Octopode Necromancer began the quest for the Orb.
     0 | D:1      | Reached XP level 1. HP: 11/11 MP: 3/3
    48 | D:1      | Learned a level 1 spell: Animate Skeleton
    84 | D:1      | Reached skill level 1 in Unarmed Combat
   140 | D:1      | Reached XP level 2. HP: 9/17 MP: 5/5
   411 | D:1      | Slain by a goblin

Vault maps used:
D:1:      dpeg_arrival_lava_temple_mockup, bh_walls_and_bars

Skill      XL: |  1  2 |
---------------+-------+-----
Unarmed Combat | 1 2 |  2.3
Dodging        | |  2.0
Stealth        | |  2.6
Spellcasting   | |  2.0
Necromancy     | |  4.0

Action                   || total
-------------------------++-------
Melee: Unarmed           ||    33
       Constrict         ||     9
       Tentacles         ||     6
 Cast: Animate Skeleton  ||     7
       Pain              ||    10
  Use: Potion            ||     1
 Stab: Sleeping          ||     3
Armor: Skin              ||     7
Dodge: Dodged            ||    35

Table legend:
 A = Spawn XP
 B = Non-spawn XP
 C = Spawn XP percentage of total XP
 D = Spawn monster count
 E = Non-spawn monster count
 F = Spawn count percentage of total count
 G = Total turns spent on level
                    A         B        C        D         E        F      G
               +---------+---------+-------+---------+---------+-------+---------
         Total |       0 |      29 |   0.0 |       0 |      20 |   0.0 |   411
               +---------+---------+-------+---------+---------+-------+---------
           D:1 |       0 |      29 |   0.0 |       0 |      20 |   0.0 |   411
               +---------+---------+-------+---------+---------+-------+---------
